 Dungeon Crawl Stone Soup version 0.22-a0-897-g1b7a381375 (webtiles) character file.

840 Mirvelgyr the Cleaver (level 7, 0/61 HPs)
             Began as a Deep Dwarf Fighter on July 31, 2018.
             Slain by a scorpion (5 damage)
             ... in an ossuary.
             The game lasted 00:04:49 (2650 turns).

Mirvelgyr the Cleaver (Deep Dwarf Fighter)          Turns: 2650, Time: 00:04:50

Health: 0/61       AC: 10    Str: 21    XL:     7   Next: 67%
Magic:  7/7        EV:  5    Int:  9    God:
Gold:   111        SH:  9    Dex: 12    Spells: 6/6 levels left

rFire    . . .     SeeInvis .   a - +0 war axe
rCold    . . .     Gourm    .   c - +0 shield
rNeg     . . .     Faith    .   h - +0 chain mail
rPois    .         Spirit   .   (no helmet)
rElec    .         Reflect  .   (no cloak)
rCorr    .         Harm     .   n - +0 pair of gloves
MR       ++...                  (no boots)
Stlth    ..........             (no amulet)
HPRegen  0.00/turn              r - ring of protection from magic
MPRegen  0.10/turn              (no ring)

@: non-regenerating
A: damage resistance, heal wounds, sense surroundings 1, no regeneration
a: Heal Wounds


You were in an ossuary.
You were not hungry.

You visited 1 branch of the dungeon, and saw 4 of its levels.
You also visited: Ossuary.

You collected 111 gold pieces.

Inventory:

Hand Weapons
 a - a +0 war axe (weapon)
Armour
 c - a +0 shield (worn)
 h - a +0 chain mail (worn)
 n - a +0 pair of gloves (worn)
Jewellery
 r - a ring of protection from magic (left hand)
Scrolls
 b - 4 scrolls of teleportation
 g - a scroll of blinking {unknown}
 j - a scroll of noise {unknown}
 k - 2 scrolls of fog {unknown}
 q - 2 scrolls of identify
 t - a scroll of amnesia {unknown}
 u - 2 scrolls of random uselessness
 v - a scroll of enchant weapon {unknown}
 w - a scroll of immolation {unknown}
 y - a scroll of remove curse {unknown}
 B - a scroll of brand weapon {unknown}
Potions
 d - 2 potions of might
 e - 3 potions of flight {unknown}
 i - a potion of berserk rage {unknown}
 l - 2 potions of cancellation {unknown}
 m - 2 potions of curing {unknown}
 o - a potion of heal wounds {unknown}
 p - a potion of invisibility {unknown}
 s - a potion of agility {unknown}
 x - a potion of lignification {unknown}
 z - 2 potions of brilliance {unknown}
 A - a potion of ambrosia {unknown}
Comestibles
 f - 6 rations


   Skills:
 - Level 2.6 Fighting
 + Level 9.7 Axes
 - Level 3.2 Armour
 - Level 3.2 Shields


You had 6 spell levels left.
You didn't know any spells.
Your spell library contained the following spells:

 Spells                   Type           Power        Failure   Level  Hunger
 Bolt of Magma            Conj/Fire/Erth #.........   100%        5    ######.
 Venom Bolt               Conj/Pois      #.........   100%        5    ######.
 Iron Shot                Conj/Erth      #.........   100%        6    #######
 Orb of Destruction       Conj           #.........   100%        7    #######
 Iskenderun's Battlesphe  Conj/Chrm      #.......     100%        5    ######.
 Spellforged Servitor     Conj/Summ      #.........   100%        7    #######


Dungeon Overview and Level Annotations

Branches:
Dungeon (4/15)
 Temple: D:4-7

Altars:
Sif Muna


Innate Abilities, Weirdness & Mutations

You are resistant to damage.
You can heal yourself by infusing magical energy.
You passively map a small area around you.
You do not regenerate.


Message History

A poisoned needle shoots out and hits you!
A scorpion comes into view.
The human zombie hits you but does no damage.
There is a needle trap here.
You slash the scorpion!
The scorpion is heavily wounded.
Your shield and chain mail prevent you from hitting the human zombie.
The human zombie hits you but does no damage.
The scorpion stings you.
* * * LOW HITPOINT WARNING * * *
You barely miss the scorpion.
The scorpion is heavily wounded.
Your shield prevents you from hitting the human zombie.
You block the scorpion's attack.
The human zombie hits you but does no damage.
You slash the scorpion!
The scorpion is almost dead.
You hit the human zombie. You slash the kobold zombie!
The kobold zombie closely misses you. The scorpion stings you.
You die...

...'...'^..#...8...'...#
...#...#...#.......#^..#
#########'###8...8######
!?M#...#...#.......#M!!#
?.?#...8...#...8...#?.!#
!.!#.......#...#...#?!!#
#+###8...8###########+##
, #.......#....^Z.#...#
+...8...'..^.@sZ's..#
#...#...#..^..Z.#...#
#################* ##


You could see 2 scorpions, 2 kobold zombies and a human zombie.

Vanquished Creatures
  Sigmund (D:2)
  5 scorpions (Ossuary)
  A centaur zombie (Ossuary)
  A hound (D:3)
  3 human zombies (Ossuary)
  An orc priest (D:4)
  Jessica (D:2)
  A worker ant (D:4)
  A big kobold zombie (Ossuary)
  3 mummies
  3 adders
  3 scorpion zombies (Ossuary)
  An ooze (D:1)
  3 worms
  A dart slug (D:3)
  2 leopard geckos (D:3)
  12 orcs
  5 giant cockroaches
  5 gnoll zombies (Ossuary)
  10 goblins
  5 hobgoblins
  7 bats
  4 frilled lizards
  2 goblin zombies (Ossuary)
  3 hobgoblin zombies (Ossuary)
  7 kobolds
  A kobold zombie (D:4)
  An orc zombie (Ossuary)
  4 rats
97 creatures vanquished.

Notes
Turn   | Place    | Note
-------+----------+-------------------------------------------
     0 | D:1      | Mirvelgyr the Deep Dwarf Fighter began the quest for the Orb.
     0 | D:1      | Reached XP level 1. HP: 20/20 MP: 1/1
   168 | D:1      | Reached skill level 3 in Axes
   168 | D:1      | Reached XP level 2. HP: 18/27 MP: 2/2
   882 | D:2      | Found a deep blue altar of Sif Muna.
   958 | D:2      | Reached XP level 3. HP: 21/33 MP: 3/3
  1111 | D:2      | Noticed Jessica
  1120 | D:2      | Killed Jessica
  1120 | D:2      | Reached skill level 4 in Axes
  1231 | D:2      | Noticed Sigmund
  1256 | D:2      | Killed Sigmund
  1256 | D:2      | Reached skill level 6 in Axes
  1256 | D:2      | Reached XP level 4. HP: 16/40 MP: 4/4
  1256 | D:2      | Reached XP level 5. HP: 19/46 MP: 5/5
  1673 | D:3      | Reached skill level 7 in Axes
  1673 | D:3      | Reached XP level 6. HP: 47/55 MP: 6/6
  2402 | D:4      | Found a sand-covered staircase.
  2415 | Ossuary  | Entered an ossuary
  2431 | Ossuary  | Reached skill level 8 in Axes
  2459 | Ossuary  | Reached XP level 7. HP: 39/61 MP: 7/7
  2497 | Ossuary  | Reached skill level 9 in Axes
  2650 | Ossuary  | Slain by a scorpion

Vault maps used:
D:1:      minmay_arrival_loop
D:2:      lemuel_doored_altar, uniq_jessica, uniq_sigmund
D:4:      nicolae_ossuary_entry_giza, first_ration, kennysheep_generic_room_12,
          uniq_crazy_yiuf_cottage
Ossuary:  ossuary_minmay_scorpions

Skill      XL: |  1  2  3  4  5  6  7 |
---------------+----------------------+-----
Axes           | 3 6 7 8 9 |  9.7
Fighting       | |  2.6
Armour         | |  3.2
Shields        | |  3.2

Action                   |  1- 3 |  4- 6 |  7- 9 || total
-------------------------+-------+-------+-------++-------
Melee: War axe           |    86 |   173 |   105 ||   364
 Abil: Heal Wounds       |     1 |     2 |       ||     3
  Use: Scroll            |       |     2 |       ||     2
  Eat: Chunk             |     1 |     4 |     1 ||     6
Armor: Scale mail        |    14 |       |       ||    14
       Chain mail        |    45 |    74 |    36 ||   155
Dodge: Dodged            |    27 |    52 |    18 ||    97
Block: Shield            |    50 |    97 |    37 ||   184

Table legend:
 A = Spawn XP
 B = Non-spawn XP
 C = Spawn XP percentage of total XP
 D = Spawn monster count
 E = Non-spawn monster count
 F = Spawn count percentage of total count
 G = Total turns spent on level
                    A         B        C        D         E        F      G
               +---------+---------+-------+---------+---------+-------+---------
         Total |       0 |    1200 |   0.0 |       0 |      97 |   0.0 |  2650
               +---------+---------+-------+---------+---------+-------+---------
           D:1 |       0 |      25 |   0.0 |       0 |      13 |   0.0 |   802
           D:2 |       0 |     287 |   0.0 |       0 |      17 |   0.0 |   783
           D:3 |       0 |     120 |   0.0 |       0 |      27 |   0.0 |   523
           D:4 |       0 |     136 |   0.0 |       0 |      14 |   0.0 |   307
       Ossuary |       0 |     632 |   0.0 |       0 |      26 |   0.0 |   235
               +---------+---------+-------+---------+---------+-------+---------
